 Dungeon Crawl Stone Soup version 0.20.1-1-g8b1a95d (webtiles) character file.

187 Folque the Conjurer (level 5, -2/32 HPs)
             Began as a Tengu Conjurer on Nov 3, 2017.
             Slain by dstrtn's ghost (5 damage)
             ... on level 3 of the Dungeon.
             The game lasted 00:11:44 (2441 turns).

Folque the Conjurer (Tengu Conjurer)                Turns: 2441, Time: 00:11:45

Health: -2/32      AC:  3    Str:  8    XL:     5   Next: 66%
Magic:  1/10       EV: 13    Int: 16    God:
Gold:   69         SH:  0    Dex: 15    Spells: 4/10 levels left

rFire    . . .     SeeInvis .   h - +0 spear
rCold    . . .     Gourm    .   (no shield)
rNeg     . . .     Faith    .   a - +0 robe
rPois    .         Spirit   .   (helmet restricted)
rElec    .         Reflect  .   (no cloak)
rCorr    .         Harm     .   i - +0 pair of gloves
MR       .....                  (boots unavailable)
Stlth    ++........             (no amulet)
Regen    0.1/turn               (no ring)
MPRegen  0.2/turn               (no ring)

@: no status effects
A: beak, talons 3, able to fly 1
a: Fly


You were on level 3 of the Dungeon.
You were not hungry.

You visited 1 branch of the dungeon, and saw 3 of its levels.

You collected 69 gold pieces.

Inventory:

Hand Weapons
 e - a +0 club
 h - a +0 spear (weapon)
Armour
 a - a +0 robe (worn)
 i - a +0 pair of gloves (worn)
Wands
 v - a wand of iceblast (8/15)
Scrolls
 d - 2 scrolls of teleportation
 j - a scroll of noise {unknown}
 m - 2 scrolls of remove curse {unknown}
 n - a scroll of random uselessness {unknown}
 q - a scroll of identify {unknown}
 t - a scroll of enchant weapon {unknown}
Potions
 p - 2 potions of mutation {unknown}
 r - 2 potions of heal wounds {unknown}
 s - a potion of might {unknown}
 u - a potion of ambrosia {unknown}
Books
 b - a book of Conjurations

   Spells                             Type                      Level
   a - Magic Dart                     Conjuration                  1
   b - Searing Ray                    Conjuration                  2
   c - Dazzling Spray                 Conjuration/Hexes            3
   d - Fulminant Prism                Conjuration/Hexes            4
   e - Force Lance                    Conjuration/Translocation    4
   f - Iskenderun's Mystic Blast      Conjuration                  4
Comestibles
 c - a bread ration
 f - 3 fruits
 g - 5 chunks of flesh
 o - 2 meat rations


   Skills:
 - Level 3.0 Fighting
 - Level 2.1 Dodging
 - Level 2.0 Stealth
 + Level 3.3 Spellcasting
 * Level 6.7 Conjurations


You had 4 spell levels left.
You knew the following spells:

 Your Spells              Type           Power        Failure   Level  Hunger
a - Magic Dart            Conj           ###.         1%          1    None
b - Searing Ray           Conj           ###...       1%          2    ##.....
c - Dazzling Spray        Conj/Hex       ##....       14%         3    ###....


Dungeon Overview and Level Annotations

Branches:
Dungeon (3/15)

Altars:
Ashenzari
Okawaru
Trog
Uskayaw

Annotations:
D:3 dstrtn's ghost, amateur KoAM


Innate Abilities, Weirdness & Mutations

You have a beak for a mouth.
You have claws for feet.
You can fly.


Message History

You finish channeling your searing ray.
Dstrtn's ghost closely misses you.
Casting: Searing Ray
Confirm with . or Enter, or press ? or * to list all spells.
Aiming: Searing Ray
Press: ? - help, Shift-Dir - straight line, f/p - dstrtn's ghost
Aim: dstrtn's ghost (moderately damaged)
The searing ray hits dstrtn's ghost.
Dstrtn's ghost is heavily damaged. (Press . to maintain the ray.) Dstrtn's ghost hits you.
The searing ray misses dstrtn's ghost.
Dstrtn's ghost hits you!
The searing ray hits dstrtn's ghost.
Dstrtn's ghost is severely damaged.
Dstrtn's ghost whispers, "Soon you will have time, lots of time..."
Dstrtn's ghost hits you!
* * * LOW HITPOINT WARNING * * *
The searing ray hits dstrtn's ghost.
Dstrtn's ghost is almost destroyed.
You finish channeling your searing ray.
Dstrtn's ghost hits you.
You die...

.............###
.#...♣..÷#.#...###
....♣.♣..........#
...♣.♣.♣.....#.#.#
..♣.♣.♣.♣..#.#.#.#
.♣.♣._.♣.♣.#.#.#.#
..♣.♣.♣.♣..#.#.#.########
...♣.♣.♣...#.#......<...#
.... .. ...###@######.#
.#.. #......W.....# ....
..#####.####.# ..## #.#
### ... #.# #.# ..#


You could see dstrtn's ghost.

Vanquished Creatures
  An orc priest (D:3)
  Terence (D:2)
  Ijyb (D:3)
  An orc wizard (D:3)
  2 adders (D:2)
  A worm (D:2)
  A dart slug (D:1)
  2 leopard geckos
  4 orcs (D:3)
  A bat (D:1)
  6 giant cockroaches
  4 goblins
  9 hobgoblins
  8 kobolds
  A ball python (D:2)
  7 frilled lizards
  7 rats
57 creatures vanquished.

Notes
Turn   | Place    | Note
-------+----------+-------------------------------------------
     0 | D:1      | Folque the Tengu Conjurer began the quest for the Orb.
     0 | D:1      | Reached XP level 1. HP: 10/10 MP: 4/4
    47 | D:1      | Reached skill level 1 in Fighting
    95 | D:1      | Reached XP level 2. HP: 16/16 MP: 1/6
   414 | D:1      | Learned a level 2 spell: Searing Ray
   782 | D:2      | Found a hide-covered altar of Uskayaw.
   805 | D:2      | Reached XP level 3. HP: 21/21 MP: 7/7
   982 | D:2      | Noticed Terence
  1013 | D:1      | Learned a level 3 spell: Dazzling Spray
  1168 | D:2      | Killed Terence
  1168 | D:2      | Reached XP level 4. HP: 27/27 MP: 0/9
  1818 | D:2      | Found a bloodstained altar of Trog.
  1936 | D:3      | Found a shattered altar of Ashenzari.
  2008 | D:3      | Noticed Ijyb
  2035 | D:3      | Killed Ijyb
  2035 | D:3      | Reached skill level 6 in Conjurations
  2035 | D:3      | Gained mutation: You can fly. [Tengu growth]
  2035 | D:3      | Reached XP level 5. HP: 25/32 MP: 1/10
  2402 | D:3      | Found an iron altar of Okawaru.
  2433 | D:3      | Noticed dstrtn's ghost (amateur KoAM)
  2441 | D:3      | Slain by dstrtn's ghost

Skill      XL: |  1  2  3  4 |
---------------+-------------+-----
Fighting       | 1 2 3 |  3.0
Spellcasting   | 3 |  3.3
Conjurations   | 6 |  6.7
Dodging        | |  2.1
Stealth        | |  2.0

Action                   |  1- 3 |  4- 6 || total
-------------------------+-------+-------++-------
Melee: Unarmed           |     2 |       ||     2
       Kick              |    10 |    18 ||    28
       Spear             |    56 |    81 ||   137
       Peck              |     6 |     5 ||    11
 Cast: Magic Dart        |    12 |     5 ||    17
       Searing Ray       |     5 |     7 ||    12
       Dazzling Spray    |     2 |     3 ||     5
  Use: Scroll            |       |     1 ||     1
       Potion            |       |     4 ||     4
 Stab: Sleeping          |     3 |     7 ||    10
  Eat: Chunk             |     1 |     5 ||     6
Armor: Robe              |    12 |    12 ||    24
Dodge: Dodged            |    37 |    33 ||    70
